 Dungeon Crawl Stone Soup version 0.30-a0-4-ga7cffc901d (webtiles) character file.

Game seed: 16077818399989227387

236 drugrobin the Sneak (level 5, -8/42 HPs)
             Began as a Demigod Delver on Aug 20, 2022.
             Killed from afar by a white imp (10 damage)
             ... with a puff of frost
             ... summoned by Natasha
             ... on level 3 of the Dungeon.
             The game lasted 00:07:31 (4573 turns).

drugrobin the Sneak (Demigod Delver)                Turns: 4573, Time: 00:07:32

Health: -8/42      AC:  2    Str: 13    XL:     5   Next: 47%
Magic:  0/7        EV: 13    Int: 12    God:
Gold:   206        SH:  0    Dex: 19    Spells: 4/4 levels left

rFire   . . .      SeeInvis .    a - +0 short sword
rCold   . . .      Faith    .    (no shield)
rNeg    + . .      Spirit   +    h - +0 robe
rPois   .          Reflect  .    (no helmet)
rElec   .          Harm     .    (no cloak)
rCorr   .          Rampage  .    (no gloves)
Will    .....                    (no boots)
Stlth   +++.......               A - amulet of guardian spirit
HPRegen 0.14/turn                n - ring of positive energy
MPRegen 0.10/turn                (no ring)

@: slowed, very slow
A: high MP 1, forlorn, divine attributes
a: no special abilities


You were on level 3 of the Dungeon.
You visited 1 branch of the dungeon, and saw 5 of its levels.

You collected 206 gold pieces.

Inventory:

Hand Weapons
 a - a +0 short sword (weapon)
 b - a +0 dagger
 r - a +0 mace of venom
Missiles
 j - 41 stones (quivered)
Armour
 h - a +0 robe (worn)
 q - a +0 leather armour
 s - the +0 cloak of Darkness {rElec rF- Int+5}
   (You found it on level 2 of the Dungeon)

   Int:       It affects your intelligence (+5).
   rF:        It makes you vulnerable to fire.
   rElec:     It insulates you from electricity.
Magical Staves
 i - a staff of fire
Jewellery
 n - a ring of positive energy (left hand)
 A - an amulet of guardian spirit (around neck)
Wands
 g - a wand of digging (2)
Scrolls
 c - a scroll of fog
 d - a scroll of magic mapping
 e - a scroll of fear
 m - a scroll of immolation {unknown}
 p - a scroll of amnesia {unknown}
 t - 2 scrolls of vulnerability {unknown}
 u - a scroll of butterflies {unknown}
 v - a scroll of poison {unknown}
 x - a scroll of blinking {unknown}
 y - a scroll of identify {unknown}
Potions
 f - a potion of haste
 k - 2 potions of mutation {unknown}
 l - a potion of curing {unknown}
 o - 2 potions of heal wounds {unknown}
 w - a potion of invisibility {unknown}
 z - a potion of cancellation {unknown}
 B - a potion of lignification {unknown}


   Skills:
 - Level 2.6 Fighting
 * Level 4.3 Short Blades
 + Level 2.7 Dodging
 + Level 5.4 Stealth


You had 4 spell levels left.
You didn't know any spells.
Your spell library was empty.

Dungeon Overview and Level Annotations

Branches:
Dungeon (5/15)
 Temple: D:4-7

Annotations:
D:3 Natasha, Sigmund, Terence


Innate Abilities, Weirdness & Mutations

You have an increased reservoir of magic. (+10% MP)
You shall have no god before yourself.
Your divine heritage dramatically boosts your attributes as you level up.


Message History

Natasha is severely wounded.
The crimson imp disappears in a puff of smoke!
Natasha zaps a wand.
The bolt of dispelling energy misses you.
Unknown command.
Unknown command.
Unknown command.
You hit Natasha.
Natasha is severely wounded.
Natasha zaps a wand.
The bolt of dispelling energy misses you.
Unknown command.
Unknown command.
Unknown command.
You closely miss Natasha.
Natasha is severely wounded.
The white imp hits you. The white imp freezes you.
* * * LOW HITPOINT WARNING * * *
Natasha casts a spell at you. The magic dart hits you.
* * * LOW HITPOINT WARNING * * *
Unknown command.
Unknown command.
Unknown command.
You miss Natasha.
Natasha is severely wounded.
The white imp hits you.
* * * LOW HITPOINT WARNING * * *
The white imp freezes you.
* * * LOW HITPOINT WARNING * * *
Unknown command.
Unknown command.
Unknown command.
You hit Natasha but do no damage.
Natasha is severely wounded.
Natasha stares at you and mumbles some strange words.
You feel yourself slow down. The white imp gestures at you.
The puff of frost hits you!
You die...

###############.#
..#...............#
#.#.#############.#
#.#.# #.# #.#.# #.#
#.#.# ####### #.#
#.#.# #.....#####.#
##.#.#.#
#.###.#.....#
#...5@.# #.#
#.#.##### ####h###
#.# #.#.# #.
#.#####.###.#.####.
#..................
######.####.#...#..
#.#..#.....#..
#.#..##.#..#..
#.#........#..
#.##.##.#..#..


You could see Natasha and a white imp (summoned).

Vanquished Creatures
  A scorpion (D:3)
  A gnoll bouda (D:3)
  Natasha (D:3)
  3 gnolls
  4 adders
  2 worms (D:3)
  3 dart slugs
  4 orcs (D:2)
  5 bats
  6 endoplasms
  A giant cockroach (D:1)
  5 goblins
  4 hobgoblins
  2 quokkas (D:1)
  2 ball pythons
  2 frilled lizards
  2 kobolds (D:1)
  6 rats
54 creatures vanquished.

Vanquished Creatures (others)
  3 plants (D:2)
  3 withered plants (D:2)
6 creatures vanquished.

Grand Total: 60 creatures vanquished

Notes
Turn   | Place    | Note
-------+----------+-------------------------------------------
     0 | D:5      | drugrobin the Demigod Delver began the quest for the Orb.
     0 | D:5      | Reached XP level 1. HP: 18/18 MP: 3/3
    50 | D:4      | Noticed an orc wizard
   708 | D:1      | Reached XP level 2. HP: 25/25 MP: 4/4
  1899 | D:2      | Identified the +0 cloak of Darkness {rElec rF- Int+5}
  2120 | D:2      | Reached XP level 3. HP: 23/30 MP: 5/5
  2890 | D:3      | Noticed a scorpion
  2904 | D:3      | Killed a scorpion
  2905 | D:3      | Reached skill level 5 in Stealth
  2905 | D:3      | Reached XP level 4. HP: 22/37 MP: 6/6
  3323 | D:2      | Reached XP level 5. HP: 28/42 MP: 7/7
  3937 | D:3      | Noticed Sigmund
  4053 | D:3      | Noticed Natasha
  4203 | D:3      | Noticed Terence
  4357 | D:3      | Killed Natasha
  4552 | D:3      | Noticed Natasha
  4572 | D:3      | HP: 2/42 [white imp[Natasha] (4)]
  4573 | D:3      | Killed from afar by a white imp

Illustrated notes

Levels and vault maps discovered:
D:1:      dpeg_arrival_line_fractal, layout_basic
D:2:      layout_rooms, shapermc_ecumenical_altar_flowoftime, wad_orctagon
D:3:      layout_basic, uniq_sigmund, uniq_terence, uniq_natasha
D:4:      layout_loops_ring, kennysheep_cross_room
D:5:      layout_basic, minmay_temple_entry_slanted, gammafunk_ghost_grave,
          minmay_misc_feat_more_columns

Skill      XL: |  1  2  3  4  5 |
---------------+----------------+-----
Short Blades   | 2 3 4 |  4.3
Dodging        | 2 |  2.7
Stealth        | 5 |  5.4
Fighting       | |  2.6

Action                   |  1- 3 |  4- 6 || total
-------------------------+-------+-------++-------
Melee: Short sword       |   107 |    78 ||   185
       Mace              |     6 |    13 ||    19
       Dagger            |     6 |       ||     6
       Punch             |     1 |       ||     1
Throw: Stone             |     4 |     1 ||     5
Evoke: Wand              |     1 |       ||     1
 Stab: Sleeping          |    11 |     4 ||    15
Armor: Robe              |    23 |     8 ||    31
Dodge: Dodged            |    58 |    54 ||   112

Table legend: (Time is in decaauts)
 A = Elapsed time spent in this place.
 B = Non-inter-level travel time spent in this place.
 C = Inter-level travel time spent in this place.
 D = Time resting spent in this place.
 E = Time spent auto-exploring this place.
 F = Levels seen in this place.
 G = Mean time per level.
                   A        B        C        D        E       F      G
               +--------+--------+--------+--------+--------+-----+--------+
         Total |   4559 |   4269 |    290 |   1256 |   1972 |   5 |  911.8 |
       Dungeon |   4559 |   4269 |    290 |   1256 |   1972 |   5 |  911.8 |
               +--------+--------+--------+--------+--------+-----+--------+

Top non-repeatable levels by time:
     D:2: 1553 daAuts
     D:1: 1465 daAuts
     D:3: 1389 daAuts
     D:4: 124 daAuts
     D:5: 27 daAuts
